 Dungeon Crawl Stone Soup version 0.27.1-34-g3ba077fa99 (webtiles) character file.

Game seed: 4275293102191994330

1870 mtoz the Thaumaturge (level 8, -9/41 HPs)
             Began as a Deep Elf Conjurer on Jan 4, 2022.
             Was an Initiate of Vehumet.
             Mangled by an orc warrior (17 damage)
             ... on level 6 of the Dungeon on Jan 5, 2022.
             The game lasted 00:45:24 (6834 turns).

mtoz the Thaumaturge (Deep Elf Conjurer)            Turns: 6834, Time: 00:45:25

Health: -9/41      AC:  5    Str:  6    XL:     8   Next: 90%
Magic:  19/22      EV: 15    Int: 24    God:    Vehumet [......]
Gold:   407        SH:  0    Dex: 13    Spells: 20/23 levels left

rFire    + . .     SeeInvis +   (no weapon)
rCold    + . .     Faith    .   (no shield)
rNeg     . . .     Spirit   .   a - +0 robe
rPois    .         Reflect  .   (no helmet)
rElec    .         Harm     .   j - scarf {rC+ rF+}
rCorr    .         Rampage  .   q - +1 pair of gloves
Will     .....                  i - +0 pair of boots
Stlth    ++++......             f - amulet of magic regeneration
HPRegen  0.13/turn              e - ring of see invisible
MPRegen  0.43/turn              (no ring)

@: about to teleport
A: no striking features
a: Renounce Religion


You were on level 6 of the Dungeon.
You worshipped Vehumet.
Vehumet was noncommittal.
You visited 2 branches of the dungeon, and saw 7 of its levels.

You collected 407 gold pieces.

Inventory:

Armour
 a - a +0 robe (worn)
 i - a +0 pair of boots (worn)
 j - a scarf of resistance (worn)
 q - a +1 pair of gloves (worn)
Magical Staves
 m - a staff of death
 n - a staff of poison
Jewellery
 e - a ring of see invisible (left hand)
 f - an amulet of magic regeneration (around neck)
Wands
 b - a wand of polymorph (7)
Scrolls
 d - a scroll of fear {unknown}
 k - 2 scrolls of magic mapping
 l - a scroll of amnesia
 p - a scroll of summoning {unknown}
Potions
 g - a potion of flight
 h - a potion of curing
 o - 2 potions of cancellation


   Skills:
 + Level 7.3 Dodging
 + Level 7.9 Stealth
 + Level 8.1 Spellcasting
 + Level 7.7 Conjurations


You had 20 spell levels left.
You knew the following spells:

 Your Spells              Type           Power      Damage    Failure   Level
a - Magic Dart            Conj           100%       1d8       1%          1
b - Searing Ray           Conj           92%        3d6       1%          2

Your spell library contained the following spells:

 Spells                   Type           Power      Damage    Failure   Level
 Static Discharge         Conj/Air       28%        N/A       1%          2
 Dazzling Flash           Conj/Hex       56%        N/A       4%          3
 Beastly Appendage        Tmut           18%        N/A       6%          1
 Blink                    Tloc           N/A        N/A       10%         2
 Wereblood                Tmut           9%         N/A       10%         2
 Fulminant Prism          Conj/Hex       14%        3d9       13%         4
 Iskenderun's Mystic Bla  Conj/Tloc      28%        2d7       13%         4
 Gell's Gravitas          Tloc           4%         N/A       19%         3
 Lesser Beckoning         Tloc           4%         N/A       19%         3
 Ozocubu's Armour         Ice            9%         N/A       19%         3
 Spider Form              Tmut/Pois      4%         N/A       19%         3
 Teleport Other           Tloc           9%         N/A       19%         3
 Lightning Bolt           Conj/Air       14%        1d27      36%         5
 Metabolic Englaciation   Hex/Ice        4%         N/A       87%         5
 Simulacrum               Ice/Necr       4%         N/A       100%        6
 Maxwell's Capacitive Co  Air            4%         ∞         100%        8


Dungeon Overview and Level Annotations

Branches:
Dungeon (6/15)             Temple (1/1) D:4

Altars:
Cheibriados
Dithmenos
Elyvilon
Fedhas
Gozag
Hepliaklqana
Kikubaaqudgha
Makhleb
Nemelex Xobeh
Okawaru
Qazlal
Ru
Sif Muna
Uskayaw
Vehumet
Wu Jian
Xom
Yredelemnul
The Shining One

Shops:
D:4 *   D:6 [


Message History

The magic dart hits the orc warrior.
The orc warrior is lightly wounded.
A hound comes into view.
An orc wizard comes into view. It is wielding a +0 dagger.
The orc priest mumbles some strange prayers to Beogh against you.
Beogh smites you!
The orc priest mumbles some strange prayers to Beogh against you.
Beogh smites you!
You hear a bark!
Okay, then.
Casting: Magic Dart (safe; 1% risk of failure)
Confirm with . or Enter, or press ? or * to list all spells.
Aiming: Magic Dart (safe; 1% risk of failure)
Press: ? - help, Shift-Dir - straight line, f - orc priest, p - orc warrior
Aim: an orc priest, wielding a +0 mace (100% to hit)
The magic dart hits the orc warrior but does no damage.
The orc warrior is lightly wounded.
As you read the scroll of teleportation, it crumbles to dust.
You feel strangely unstable.
Casting: Magic Dart (safe; 1% risk of failure)
Confirm with . or Enter, or press ? or * to list all spells.
Aiming: Searing Ray (safe; 1% risk of failure)
Press: ? - help, Shift-Dir - straight line, f - orc warrior, p - orc priest
Aim: an orc warrior, wielding a +1 mace of protection and wearing a +0 chain mail (lightly wounded, 80% to hit)
The searing ray hits the orc warrior but does no damage.
The orc warrior is lightly wounded. (Press . to maintain the ray.)
The searing ray hits the orc warrior but does no damage.
The orc warrior is lightly wounded.
The searing ray hits the orc priest!
The orc priest is severely wounded.
The orc wizard casts a spell.
The orc wizard flickers and vanishes for a moment.
The searing ray hits the orc warrior!
The orc warrior is heavily wounded.
The orc priest mumbles some strange prayers to Beogh against you.
Pain shoots through your body!
* * * LOW HITPOINT WARNING * * *
The orc warrior hits you with a +1 mace of protection!
You die...

...... #.#.#########
.........# #.#.........8
..........###.#####......
...............######..>..
..........................
.....................8...∩
...................##....
.............########.8..
#....@........# #....
#....o........# #...8
#######.............#
#....
#.......o...........#
#....
#....?.ho...........#
#....
#..........##########
#.... #..).......# #....
...........# #....
...o.......# #####


You could see an orc warrior, a hound, an orc priest and an orc wizard
(invisible).

Vanquished Creatures
  Edmund (D:4)
  3 water moccasins
  A sky beast (D:6)
  2 ice beasts
  A black bear (D:5)
  2 ogres
  A necrophage (D:6)
  A centaur (D:6)
  2 kobold brigands (D:4)
  A water moccasin zombie (D:5)
  The ghost of GrimJard the Conjurer, a weakling DrCj (D:3)
  An orc priest (D:6)
  Crazy Yiuf (D:5)
  A bullfrog skeleton (D:5)
  2 hounds
  An iron imp (D:4)
  Terence (D:2)
  Jessica (D:3)
  2 iguanas
  4 gnolls (D:5)
  10 adders
  A worm (D:2)
  2 dart slugs (D:4)
  6 orcs
  6 bats
  5 endoplasms
  3 giant cockroaches
  12 goblins
  10 hobgoblins
  4 quokkas
  4 ball pythons
  3 frilled lizards (D:3)
  9 kobolds
  4 rats
109 creatures vanquished.

Vanquished Creatures (others)
  A fungus (D:3)
  4 toadstools (D:3)
5 creatures vanquished.

Grand Total: 114 creatures vanquished

Notes
Turn   | Place    | Note
-------+----------+-------------------------------------------
     0 | D:1      | mtoz the Deep Elf Conjurer began the quest for the Orb.
     0 | D:1      | Reached XP level 1. HP: 10/10 MP: 6/6
   299 | D:1      | Found a faded altar of an unknown god.
   549 | D:1      | Reached XP level 2. HP: 15/15 MP: 6/8
   635 | D:1      | Learned a level 2 spell: Searing Ray
  1140 | D:2      | Reached XP level 3. HP: 19/19 MP: 3/10
  1464 | D:2      | Noticed Terence
  1471 | D:2      | Killed Terence
  1472 | D:2      | Reached skill level 4 in Spellcasting
  1472 | D:2      | Reached XP level 4. HP: 18/24 MP: 3/12
  1698 | D:3      | Reached skill level 5 in Conjurations
  1790 | D:3      | Noticed a water moccasin
  1797 | D:3      | Killed a water moccasin
  1798 | D:3      | Reached XP level 5. HP: 16/28 MP: 1/14
  2045 | D:3      | Noticed GrimJard's ghost (weakling DrCj)
  2048 | D:3      | Found a runed translucent door.
  2088 | D:3      | Killed GrimJard's ghost
  2258 | D:3      | Reached skill level 5 in Spellcasting
  2258 | D:3      | Reached XP level 6. HP: 32/32 MP: 9/15
  2754 | D:3      | Found a burning altar of Makhleb.
  2818 | D:3      | Noticed Jessica
  2822 | D:3      | Killed Jessica
  2835 | D:3      | Got Jessica's Tome of the Compass
  3223 | D:4      | Noticed an ice beast
  3231 | D:4      | Killed an ice beast
  3232 | D:4      | Reached skill level 5 in Stealth
  3301 | D:4      | Noticed Edmund
  3310 | D:4      | Killed Edmund
  3311 | D:4      | Reached skill level 5 in Dodging
  3311 | D:4      | Reached XP level 7. HP: 29/36 MP: 5/17
  3602 | D:4      | Found Turaydd's Assorted Antiques.
  3621 | D:4      | Found a staircase to the Ecumenical Temple.
  3771 | D:4      | Found a snail-covered altar of Cheibriados.
  3909 | D:4      | Reached skill level 6 in Spellcasting
  4770 | Temple   | Entered the Ecumenical Temple
  4962 | Temple   | Became a worshipper of Vehumet
  5002 | D:5      | Entered Level 5 of the Dungeon
  5190 | D:5      | Reached XP level 8. HP: 31/41 MP: 9/20
  5436 | D:5      | Found a hide-covered altar of Uskayaw.
  5436 | D:5      | Found a hazy altar of Hepliaklqana.
  5436 | D:5      | Found an opulent altar of Gozag.
  5455 | D:5      | Found a glowing golden altar of the Shining One.
  5475 | D:5      | Reached skill level 7 in Spellcasting
  5496 | D:5      | Found an ornate altar of the Wu Jian Council.
  5946 | D:5      | Found a runed translucent door.
  5947 | D:5      | Noticed Crazy Yiuf
  5954 | D:5      | Killed Crazy Yiuf
  6118 | D:6      | Found Ehuttice's Armour Emporium.
  6541 | D:6      | Reached skill level 8 in Spellcasting
  6834 | D:6      | Mangled by an orc warrior

Illustrated notes

Levels and vault maps discovered:
D:1:      dpeg_arrival_rhombus, layout_rooms, chequers_ecumenical_altar_simple,
          minmay_fountain_box, serial_park_tiny_pond
D:2:      layout_rooms, uniq_terence
D:3:      layout_loops_ring, lightli_temple_of_fire,
          hellmonk_ghost_happy_afterlife, serial_forest,
          infiniplex_forest_end_2, infiniplex_forest_lined_2,
          infiniplex_forest_lined_1, infiniplex_forest_clump_diagonal,
          infiniplex_forest_lined_1, hangedman_abyss_or_decor_lesser_grid,
          minmay_gold_behind_fungi, hangedman_feature_mirror,
          kennysheep_jessica_study
D:4:      cheibrodos_thug_alley, layout_basic, slow_altar_2,
          minmay_temple_entry_ruins, serial_shops, shop_fountains,
          grunt_ministairs_15, chequers_serial_rivers_large_a,
          minmay_goblin_outpost, uniq_edmund
D:5:      layout_basic, lemuel_doored_altar, grunt_temple_overflow_open,
          uniq_crazy_yiuf_cottage
D:6:      layout_basic, serial_shops, nicolae_stop_n_shop_1
Temple:   minmay_temple_bridge_abc

Skill      XL: |  1  2  3  4  5  6  7  8 |
---------------+-------------------------+-----
Stealth        | 3 4 5 6 7 |  7.9
Dodging        | 3 4 5 6 7 |  7.3
Spellcasting   | 4 5 6 8 |  8.1
Conjurations   | 5 6 7 |  7.7

Action                   |  1- 3 |  4- 6 |  7- 9 || total
-------------------------+-------+-------+-------++-------
 Cast: Magic Dart        |    47 |    44 |    68 ||   159
       Searing Ray       |     7 |    18 |    26 ||    51
  Use: Scroll            |       |     6 |     4 ||    10
       Potion            |       |       |    10 ||    10
Armor: Robe              |     3 |     7 |     2 ||    12
Dodge: Dodged            |     9 |    16 |    16 ||    41
